 Dungeon Crawl Stone Soup version 0.28-a0-1190-g77e1c55843 (webtiles) character file.

Game seed: 14267238969624934676

142 emperorscorpion the Chopper (level 5, 0/47 HPs)
             Began as a Gnoll Chaos Knight on Dec 18, 2021.
             Was a Plaything of Xom.
             Slain by Terence (3 damage)
             ... on level 3 of the Dungeon.
             The game lasted 00:04:51 (2541 turns).

emperorscorpion the Chopper (Gnoll Chaos Knight)    Turns: 2541, Time: 00:04:52

Health: 0/47       AC:  5    Str: 11 (12) XL:     5   Next: 24%
Magic:  16/16      EV: 12    Int: 12 (13) God:    Xom [....*.]
Gold:   194        SH:  0    Dex: 16 (17) Spells: 6/6 levels left

rFire   . . .      SeeInvis .   a - +1 hand axe (chaos)
rCold   + . .      Faith    .   (no shield)
rNeg    . . .      Spirit   .   b - +2 leather armour
rPois   .          Reflect  .   (no helmet)
rElec   .          Harm     .   h - scarf {repulsion}
rCorr   .          Rampage  .   (no gloves)
Will    .....      Clarity  +   (no boots)
Stlth   ++........              (no amulet)
HPRegen 0.15/turn               k - ring of magical power
MPRegen 0.15/turn               t - +6 ring of dexterity

@: repel missiles
A: fangs 1, strong nose, distributed training, clarity, cold resistance 1, wild
magic 1
a: Renounce Religion


You were on level 3 of the Dungeon.
You worshipped Xom.
You were a beloved toy of Xom.
You visited 1 branch of the dungeon, and saw 3 of its levels.

You collected 194 gold pieces.

Inventory:

Hand Weapons
 a - a +1 hand axe of chaos (weapon)
Missiles
 c - 84 stones (quivered)
 g - 43 arrows
 n - 16 poisoned darts
Armour
 b - a +2 leather armour (worn)
 e - a +0 scale mail
 h - a scarf of repulsion (worn)
 l - a +0 ring mail
 o - a +0 cloak
Jewellery
 k - a ring of magical power (left hand)
 t - a +6 ring of dexterity (right hand)
Wands
 q - a wand of flame (17)
Scrolls
 p - 3 scrolls of identify
 r - 3 scrolls of immolation


   Skills:
 + Level 6.7 Fighting
 + Level 1.4 Short Blades
 + Level 1.4 Long Blades
 + Level 6.7 Axes
 + Level 1.4 Maces & Flails
 + Level 1.4 Polearms
 + Level 1.4 Staves
 + Level 1.4 Slings
 + Level 1.4 Bows
 + Level 1.4 Crossbows
 + Level 1.4 Throwing
 + Level 4.7 Armour
 + Level 2.9 Dodging
 + Level 1.4 Stealth
 + Level 1.4 Shields
 + Level 1.4 Unarmed Combat
 + Level 1.4 Spellcasting
 + Level 1.1 Conjurations
 + Level 1.1 Hexes
 + Level 1.1 Summonings
 + Level 1.1 Necromancy
 + Level 1.1 Translocations
 + Level 1.1 Transmutations
 + Level 1.1 Fire Magic
 + Level 1.1 Ice Magic
 + Level 1.1 Air Magic
 + Level 1.1 Earth Magic
 + Level 1.1 Poison Magic
 + Level 1.6 Invocations
 + Level 1.4 Evocations


You had 6 spell levels left.
You didn't know any spells.
Your spell library contained the following spells:

 Spells                   Type           Power      Damage    Failure   Level
 Ensorcelled Hibernation  Hex/Ice        8%         N/A       43%         2
 Dazzling Flash           Conj/Hex       8%         N/A       65%         3
 Spider Form              Tmut/Pois      4%         N/A       65%         3
 Iskenderun's Mystic Bla  Conj/Tloc      4%         2d3       95%         4
 Fireball                 Conj/Fire      2%         3d4       100%        5
 Starburst                Conj/Fire      2%         6d3       100%        6
 Ignition                 Fire           2%         3d3       100%        8


Dungeon Overview and Level Annotations

Branches:
Dungeon (3/15)

Altars:

Annotations:
D:3 Natasha, Terence


Innate Abilities, Weirdness & Mutations

You have very sharp teeth.
Your uncanny sense of smell can sniff out nearby items.
Your experience applies equally to all skills.
You possess an exceptional clarity of mind.
Your flesh is cold resistant. (rC+)
Your spells are a little harder to cast, but a little more powerful.


Message History

As you read the scroll of blinking, it crumbles to dust.
Terence says, "You're history."
Terence barely misses you. Terence closely misses you.
The hobgoblin hits you but does no damage.
Terence barely misses you.
Natasha wildly gestures.
Natasha's front paws start to glow.
The hobgoblin hits you but does no damage.
Terence misses you.
The hobgoblin hits you but does no damage.
You feel yourself speed up. Terence hits you with a +0 flail.
* * * LOW HITPOINT WARNING * * *
Okay, then.
You aren't carrying any potions.
Aiming: Throw Flame
Press: ? - help, Shift-Dir - straight line, f - Terence
Aim: Terence, wielding a +0 flail and wearing a +0 chain mail (moderately wounded, fast, 79% to hit)
The puff of flame hits Terence but does no damage.
Terence is moderately wounded.
Terence misses you. Terence hits you but does no damage.
The hobgoblin hits you.
* * * LOW HITPOINT WARNING * * *
Unknown command.
Aiming: Throw Flame
Press: ? - help, Shift-Dir - straight line, f/p - Terence
Aim: Terence, wielding a +0 flail and wearing a +0 chain mail (moderately wounded, fast, 79% to hit)
The puff of flame hits Terence!
Terence is severely wounded.
Terence hits you with a +0 flail.
* * * LOW HITPOINT WARNING * * *
The hobgoblin barely misses you.
Unknown command.
Aiming: Throw Flame
Press: ? - help, Shift-Dir - straight line, f/p - Terence
Aim: Terence, wielding a +0 flail and wearing a +0 chain mail (severely wounded, fast, 79% to hit)
The puff of flame hits Terence.
Terence is almost dead.
Terence hits you with a +0 flail.
You die...

* #....†..#.......#######.####...
***,...#§.......÷...............#
*#.....)..@......†...####.......#
*.....######....#########.##...÷#
,.###** ##.#.#######..........
*,.##***** ##.#.........#.##.<..#
##..,,...###.....########.##....#
..######.......#g.....###.##....#
..............h@@................
...#########.########.###.######.
.>## #.* *,#*#.##..... ..# **#.*
*.,*#.##.#### ..#* ***,..*
*#.##.....##. #..#** *,,,##*
##.....†..... *#..,***,***
*#.<.......... *##.,,,,*
#####****..#.......... *...****
#...,,,,,,*#......<...


You could see Terence (fast), Natasha and a hobgoblin.

Vanquished Creatures
  Natasha (D:3)
  6 adders
  A worm (D:2)
  A dart slug (D:2)
  An orc (D:3)
  6 ball pythons
  3 bats
  9 endoplasms
  3 giant cockroaches (D:3)
  3 hobgoblins
  2 jackals (D:2)
  3 kobolds
  5 quokkas
  3 frilled lizards
  2 goblins (D:1)
  7 rats
56 creatures vanquished.

Notes
Turn   | Place    | Note
-------+----------+-------------------------------------------
     0 | D:1      | emperorscorpion the Gnoll Chaos Knight began the quest for
                  | the Orb.
     0 | D:1      | Reached XP level 1. HP: 23/23 MP: 1/1
     0 | D:1      | XOM: silly message
   200 | D:1      | Reached XP level 2. HP: 28/29 MP: 2/2
   221 | D:1      | XOM: cloud trail
   615 | D:1      | XOM: god gift: 34 gold pieces
   975 | D:2      | XOM: cast spell 'Leda's Liquefaction'
   980 | D:2      | Reached XP level 3. HP: 31/35 MP: 2/4
  1085 | D:2      | Reached skill level 1 in Invocations
  1090 | D:2      | Found a faded altar of an unknown god.
  1292 | D:2      | Reached skill level 1 in Short Blades
  1292 | D:2      | Reached skill level 1 in Long Blades
  1292 | D:2      | Reached skill level 1 in Maces & Flails
  1292 | D:2      | Reached skill level 1 in Polearms
  1292 | D:2      | Reached skill level 1 in Staves
  1292 | D:2      | Reached skill level 1 in Slings
  1292 | D:2      | Reached skill level 1 in Bows
  1292 | D:2      | Reached skill level 1 in Crossbows
  1292 | D:2      | Reached skill level 1 in Throwing
  1292 | D:2      | Reached skill level 1 in Stealth
  1292 | D:2      | Reached skill level 1 in Shields
  1292 | D:2      | Reached skill level 1 in Unarmed Combat
  1292 | D:2      | Reached skill level 1 in Spellcasting
  1292 | D:2      | Reached skill level 1 in Evocations
  1325 | D:2      | Reached XP level 4. HP: 21/41 MP: 5/5
  1637 | D:2      | XOM: 2-stop teleportation journey
  2028 | D:2      | XOM: give mutations
  2028 | D:2      | Gained mutation: Your flesh is cold resistant. (rC+) [Xom's
                  | grace]
  2028 | D:2      | Gained mutation: Your spells are a little harder to cast,
                  | but a little more powerful. [Xom's grace]
  2028 | D:2      | Gained mutation: You possess an exceptional clarity of
                  | mind. [Xom's grace]
  2070 | D:3      | Reached skill level 1 in Conjurations
  2070 | D:3      | Reached skill level 1 in Hexes
  2070 | D:3      | Reached skill level 1 in Summonings
  2070 | D:3      | Reached skill level 1 in Necromancy
  2070 | D:3      | Reached skill level 1 in Translocations
  2070 | D:3      | Reached skill level 1 in Transmutations
  2070 | D:3      | Reached skill level 1 in Fire Magic
  2070 | D:3      | Reached skill level 1 in Ice Magic
  2070 | D:3      | Reached skill level 1 in Air Magic
  2070 | D:3      | Reached skill level 1 in Earth Magic
  2070 | D:3      | Reached skill level 1 in Poison Magic
  2296 | D:3      | Noticed Natasha
  2309 | D:3      | Killed Natasha
  2310 | D:3      | Reached XP level 5. HP: 20/47 MP: 7/7
  2516 | D:3      | Noticed Natasha
  2516 | D:3      | XOM: 7-stop teleportation journey
  2517 | D:3      | Noticed Terence
  2541 | D:3      | Slain by Terence

Illustrated notes

Levels and vault maps discovered:
D:1:      nicolae_arrival_somewhat_less_tricky_arrival, layout_basic
D:2:      layout_loops_ring, basic_ecumenical_altar, minmay_quantized
D:3:      layout_rooms, uniq_natasha, uniq_terence

Skill      XL: |  1  2  3  4 |
---------------+-------------+-----
Invocations    | 1 |  1.6
Short Blades   | 1 |  1.4
Long Blades    | 1 |  1.4
Maces & Flails | 1 |  1.4
Polearms       | 1 |  1.4
Staves         | 1 |  1.4
Slings         | 1 |  1.4
Bows           | 1 |  1.4
Crossbows      | 1 |  1.4
Throwing       | 1 |  1.4
Stealth        | 1 |  1.4
Shields        | 1 |  1.4
Unarmed Combat | 1 |  1.4
Spellcasting   | 1 |  1.4
Evocations     | 1 |  1.4
Conjurations   | 1 |  1.1
Hexes          | 1 |  1.1
Summonings     | 1 |  1.1
Necromancy     | 1 |  1.1
Translocations | 1 |  1.1
Transmutations | 1 |  1.1
Fire Magic     | 1 |  1.1
Ice Magic      | 1 |  1.1
Air Magic      | 1 |  1.1
Earth Magic    | 1 |  1.1
Poison Magic   | 1 |  1.1
Fighting       | |  6.7
Axes           | |  6.7
Armour         | |  4.7
Dodging        | |  2.9

Action                   |  1- 3 |  4- 6 || total
-------------------------+-------+-------++-------
Melee: Hand axe          |   106 |    65 ||   171
       Bite              |     7 |     3 ||    10
Throw: Stone             |     3 |       ||     3
Evoke: Wand              |       |     3 ||     3
  Use: Potion            |       |     4 ||     4
       Scroll            |       |     7 ||     7
 Stab: Sleeping          |       |     2 ||     2
Armor: Leather armour    |    36 |    18 ||    54
Dodge: Dodged            |    55 |    44 ||    99

Table legend: (Time is in decaauts)
 A = Elapsed time spent in this place.
 B = Non-inter-level travel time spent in this place.
 C = Inter-level travel time spent in this place.
 D = Time resting spent in this place.
 E = Time spent auto-exploring this place.
 F = Levels seen in this place.
 G = Mean time per level.
                   A        B        C        D        E       F      G
               +--------+--------+--------+--------+--------+-----+--------+
         Total |   2527 |   2394 |    133 |    128 |   1855 |   3 |  842.3 |
       Dungeon |   2527 |   2394 |    133 |    128 |   1855 |   3 |  842.3 |
               +--------+--------+--------+--------+--------+-----+--------+

Top non-repeatable levels by time:
     D:2: 1260 daAuts
     D:1: 958 daAuts
     D:3: 309 daAuts
